 Dungeon Crawl Stone Soup version 0.19-a0-1834-g6b7851e (webtiles) character file.

856 Alarkh the Magician (level 7, -20/46 HPs)
             Began as a Mummy Fire Elementalist on Oct 9, 2016.
             Killed by a stone arrow (26 damage)
             ... invoked by the wrath of Vehumet
             ... on level 4 of the Dungeon.
             The game lasted 00:08:42 (4048 turns).

Alarkh the Magician (Mummy Fire Elementalist)       Turns: 4048, Time: 00:08:43

Health: -20/46     AC:  9    Str: 12    XL:     7   Next: 70%
Magic:  0/14       EV: 12    Int: 16    God:
Gold:   193        SH:  0    Dex: 12    Spells: 5 memorised, 4 levels left

rFire  . . .     SeeInvis .     a - +0 trident (pain)
rCold  . . .     Gourm    .     o - +0 robe
rNeg   + + +     Faith    .     (no shield)
rPois  ∞         Spirit   .     p - +2 helmet
rElec  .         Dismiss  .     (no cloak)
rCorr  .         Reflect  .     k - +0 pair of gloves (curse)
MR     .....     Harm     .     j - +2 pair of boots
Stlth  ++........               f - amulet of regeneration
                                (no ring)
                                l - ring of fire

@: very slightly contaminated, repel missiles
A: no food or potions, fire vulnerability, cold resistance 1, negative energy
resistance 3, torment resistance, unbreathing
a: no special abilities


You were on level 4 of the Dungeon.
You were not hungry.

You visited 1 branch of the dungeon, and saw 4 of its levels.

You collected 193 gold pieces.

Inventory:

Hand Weapons
 a - a +0 trident of pain (weapon)
 h - a +0 short sword
Armour
 c - a cursed +0 shield
 j - a +2 pair of boots (worn)
 k - a cursed +0 pair of gloves (worn)
 o - a +0 robe (worn)
 p - a +2 helmet (worn)
Jewellery
 d - an uncursed amulet of harm
 f - an amulet of regeneration (around neck)
 l - a ring of fire (left hand)
 m - an uncursed amulet of rage
 n - an uncursed amulet of magic regeneration
Scrolls
 e - 3 scrolls of identify
 i - a scroll of enchant weapon
Books
 b - a book of Flames

   Spells                             Type                      Level
   a - Flame Tongue                   Conjuration/Fire             1
   b - Throw Flame                    Conjuration/Fire             2
   c - Conjure Flame                  Conjuration/Fire             3
   d - Inner Flame                    Hexes/Fire                   3
   e - Sticky Flame                   Conjuration/Fire             4
   f - Fireball                       Conjuration/Fire             5
 g - a book of Minor Magic

   Spells                             Type                      Level
   a - Magic Dart                     Conjuration                  1
   b - Blink                          Translocation                2
   c - Call Imp                       Summoning                    2
   d - Repel Missiles                 Charms/Air                   2
   e - Slow                           Hexes                        2
   f - Conjure Flame                  Conjuration/Fire             3
   g - Mephitic Cloud                 Conjuration/Poison/Air       3


   Skills:
 - Level 1.5 Dodging
 - Level 1.5 Stealth
 + Level 4.9 Spellcasting
 + Level 4.1 Conjurations
 + Level 4.9 Fire Magic


You had 4 spell levels left.
You knew the following spells:

 Your Spells              Type           Power        Failure   Level  Hunger
a - Flame Tongue          Conj/Fire      ####.        2%          1    N/A
b - Blink                 Tloc           N/A          24%         2    N/A
c - Conjure Flame         Conj/Fire      ####....     10%         3    N/A
d - Repel Missiles        Chrm/Air       #.....       24%         2    N/A
e - Mephitic Cloud        Conj/Pois/Air  #.......     28%         3    N/A

Dungeon Overview and Level Annotations

Branches:
Dungeon (4/15)
 Temple: D:4-7

Altars:
Ashenzari
Ru
Trog
Vehumet

Annotations:
D:4 Crazy Yiuf


Innate Abilities, Weirdness & Mutations

You do not eat or drink.
Your flesh is vulnerable to fire.
You are immune to poison.
Your flesh is cold resistant. (rC+)
You are immune to negative energy. (rN+++)
You are immune to unholy pain and torment.
You can survive without breathing.


Message History

Aiming: Flame Tongue
Press: ? - help, Shift-Dir - straight line, f/p - orc priest
Aim: an orc priest, wielding a club and wearing a leather armour (severely wounded)
You feel a surge of power!
The flame tongue hits the orc priest.
You kill the orc priest!
Casting: Flame Tongue
Confirm with . or Enter, or press ? or * to list all spells.
Aiming: Flame Tongue
Press: ? - help, Shift-Dir - straight line, f - orc
Aim: an orc, wielding a hand axe and wearing a scale mail You feel a surge of power!
Vehumet does not allow the disloyal to dabble in destruction!
You are caught in a violent explosion!
The explosion engulfs you!
* * * LOW HITPOINT WARNING * * *
The explosion engulfs the orc.
The orc dies!
Vehumet rains destruction down upon you!
The stone arrow hits you!
Ouch! That really hurt!
You die...

.# #..# #.#.#
.# #..# #...#
.# #..######
#..## ##
#..[o...# #..#
##.####)# #..#
#.# #o# #..#
#.# #.# #..#
#o# #.####..#
#.####..)@...#
#...........##
####.##(#####
#.##.# #.##(#
#.##.# #.##.#
#.##[# ####
#.##.#


You could see the wrath of Vehumet (unaware).

Vanquished Creatures
  Sigmund (D:3)
  Edmund (D:4)
  A sky beast (D:4)
  A phantom (D:4)
  3 orc priests
  A bullfrog skeleton (D:3)
  An orc wizard (D:3)
  An iguana (D:3)
  4 worker ants
  Robin (D:4)
  4 adders
  An ooze (D:4)
  3 worms (D:2)
  2 leopard geckos
  7 orcs
  2 ball pythons
  2 giant cockroaches
  7 hobgoblins
  4 jackals
  2 quokkas (D:2)
  2 ball python skeletons (D:4)
  5 bats
  5 frilled lizards
  14 goblins
  A jackal skeleton (D:4)
  4 kobolds
  6 rats
86 creatures vanquished.

Vanquished Creatures (others)
  An orc (D:4)
  A jackal (D:4)
2 creatures vanquished.

Grand Total: 88 creatures vanquished

Notes
Turn   | Place    | Note
-------+----------+-------------------------------------------
     0 | D:1      | Alarkh the Mummy Fire Elementalist began the quest for the Orb.
     0 | D:1      | Reached XP level 1. HP: 13/13 MP: 3/3
   235 | D:1      | Reached skill level 1 in Conjurations
   248 | D:1      | Reached XP level 2. HP: 19/19 MP: 3/5
   762 | D:2      | Reached XP level 3. HP: 22/24 MP: 2/6
  1090 | D:2      | Found a faded altar of an unknown god.
  1114 | D:2      | Became a worshipper of Vehumet
  1114 | D:2      | Reached * piety under Vehumet
  1114 | D:2      | Offered knowledge of Shock by Vehumet.
  1114 | D:2      | Fell from the grace of Vehumet
  1202 | D:2      | Found a runed door.
  1673 | D:2      | Learned a level 3 spell: Conjure Flame
  1677 | D:2      | Learned a level 3 spell: Mephitic Cloud
  1677 | D:2      | Noticed Crazy Yiuf
  1769 | D:3      | Found a sacrificial altar of Ru.
  1834 | D:3      | Reached XP level 4. HP: 24/30 MP: 0/8
  1838 | D:3      | Learned a level 2 spell: Blink
  2002 | D:3      | Found a shattered altar of Ashenzari.
  2003 | D:3      | Found a bloodstained altar of Trog.
  2075 | D:2      | Reached XP level 5. HP: 33/35 MP: 1/9
  2403 | D:3      | Noticed Sigmund
  2447 | D:4      | Noticed a sky beast
  2466 | D:3      | Killed Sigmund
  2466 | D:3      | Reached XP level 6. HP: 31/41 MP: 0/12
  3259 | D:4      | Noticed Edmund
  3272 | D:4      | Killed a sky beast
  3272 | D:4      | Reached XP level 7. HP: 33/46 MP: 5/13
  3401 | D:4      | Noticed Robin
  3564 | D:4      | Killed Robin
  3601 | D:4      | Learned a level 2 spell: Repel Missiles
  3828 | D:4      | Killed Edmund
  4048 | D:4      | Killed by a stone arrow

Vault maps used:
D:1:      dpeg_arrival_line_fractal, amethyst_killhole
D:2:      ecumenical_altar_1, uniq_crazy_yiuf_cottage
D:3:      hangedman_ru_absence, nicolae_overflow_hidden_temple, uniq_sigmund
D:4:      first_bread, uniq_edmund, uniq_robin

Skill      XL: |  1  2  3  4  5  6  7 |
---------------+----------------------+-----
Conjurations   | 1 2 3 4 |  4.1
Fire Magic     | 3 4 |  4.9
Spellcasting   | 3 4 |  4.9
Dodging        | |  1.5
Stealth        | |  1.5

Action                   |  1- 3 |  4- 6 |  7- 9 || total
-------------------------+-------+-------+-------++-------
Melee: Unarmed           |    11 |       |       ||    11
       Short sword       |     7 |     9 |     1 ||    17
       Trident           |       |       |    12 ||    12
 Cast: Flame Tongue      |    70 |    85 |    73 ||   228
       Mephitic Cloud    |       |     1 |     1 ||     2
       Repel Missiles    |       |       |     1 ||     1
Invok: Renounce Religion |     1 |       |       ||     1
  Use: Scroll            |       |     1 |       ||     1
 Stab: Confused          |       |     1 |       ||     1
       Sleeping          |       |     1 |       ||     1
Armor: Robe              |    10 |    19 |    10 ||    39
Dodge: Dodged            |    50 |    40 |    44 ||   134
